AoeStats
← Andy

Oasis

509832084Analyzed
4v4 RM · 6d ago on Sep 28, 2026· 91m 52s· 8 players
Game mode
Random Map
Map size
Large (8 player)
Population
200
Speed
Normal
Resources
Standard
Victory
Conquest
Starting age
Dark Age
Ending age
Imperial Age
RankedLock teamsTeams togetherTeam positionsShared explorationLock speedFull tech treeHidden civsTurbo modeCheats
Victory
Defeat
🇭🇰 Hindustanis · Hong Kong SAR China
1594
+13
🇲🇽 Wu · Mexico
1585
+13
🇳🇱 Slavs · Netherlands
1565
+14
🇭🇰 Bulgarians · Hong Kong SAR China
1543
+15
🇦🇷 Berbers · Argentina
1580
-17
🇦🇷 Tupi · Argentina
1530
-14
🇺🇸 Lithuanians · United States
1484
-12
🇦🇷 Malay · Argentina
1467
-12
CAXCAN
7:08 Loom
9:48 Feudal Age
13:53 Horse Collar
16:26 Double-Bit Axe
17:59 Wheelbarrow
20:36 Castle Age
22:40 Heavy Plow
22:51 Bow Saw
24:23 Scale Mail Armor
24:34 Forging
24:29 Squires
25:19 Arson
27:14 Chain Mail Armor
27:34 Iron Casting
27:55 Hand Cart
33:09 Imperial Age
30:48 Pikeman
31:25 Gold Mining
32:12 Ballistics
32:42 Town Watch
34:56 Chemistry
33:52 Halberdier
34:42 Heavy Scorpion
37:05 Conscription
38:39 Plate Mail Armor
39:10 Blast Furnace
52:22 Guilds
60:56 Caravan
67:39 Fletching
81:59 Scale Barding Armor
81:50 Bodkin Arrow
82:26 Husbandry
84:27 Bloodlines
83:40 Heavy Hei Guang Cavalry
86:40 Light Cavalry
88:28 Chain Barding Armor
91:29 Plate Barding Armor
Komkommersla
6:36 Loom
9:14 Feudal Age
9:25 Man-at-Arms
9:53 Double-Bit Axe
17:21 Wheelbarrow
20:54 Castle Age
19:26 Scale Mail Armor
20:32 Forging
21:23 Town Watch
21:52 Bow Saw
21:46 Long Swordsman
23:38 Horse Collar
24:03 Pikeman
24:44 Squires
26:15 Chain Mail Armor
29:45 Gold Mining
34:34 Heavy Plow
37:56 Imperial Age
37:43 Hand Cart
38:54 Iron Casting
38:20 Halberdier
38:52 Capped Ram
39:07 Two-Handed Swordsman
42:05 Conscription
43:07 Plate Mail Armor
43:03 Onager
43:37 Champion
47:07 Blast Furnace
47:10 Druzhina
50:42 Siege Engineers
51:23 Fletching
51:46 Masonry
52:56 Caravan
54:44 Two-Man Saw
53:59 Siege Onager
54:29 Siege Ram
63:08 Town Patrol
63:14 Bodkin Arrow
66:13 Scale Barding Armor
67:04 Husbandry
73:13 Chain Barding Armor
73:04 Bloodlines
72:30 Light Cavalry
73:44 Hussar
73:51 Hussar
75:47 Plate Barding Armor
76:18 Cavalier
79:17 Elite Boyar
92:09 Chemistry
Andy
8:32 Feudal Age
6:52 Loom
11:43 Fletching
20:17 Castle Age
19:09 Double-Bit Axe
19:43 Horse Collar
20:31 Gold Mining
20:44 Padded Archer Armor
20:20 Crossbowman
20:55 Bodkin Arrow
24:23 Bow Saw
25:24 Heavy Plow
28:19 Wheelbarrow
32:24 Hand Cart
35:16 Imperial Age
32:40 Stone Mining
33:26 Gold Shaft Mining
33:44 Thumb Ring
33:56 Padded Archer Armor
34:30 Ballistics
35:12 Town Watch
36:00 Bracer
37:02 Chemistry
40:48 Grand Trunk Road
43:11 Heavy Camel Rider
43:52 Husbandry
43:59 Scale Barding Armor
43:25 Heavy Cavalry Archer
44:21 Bloodlines
45:52 Imperial Camel Rider
46:50 Light Cavalry
48:17 Chain Barding Armor
48:07 Forging
51:18 Plate Barding Armor
51:18 Iron Casting
51:31 Coinage
51:02 Caravan
52:06 Masonry
52:02 Siege Engineers
52:34 Hoardings
55:31 Banking
55:31 Hussar
58:25 Stone Shaft Mining
59:46 Blast Furnace
62:14 Conscription
63:04 Hoardings
82:29 Siege Elephant
88:32 Murder Holes
88:48 Fortified Wall
kenny yip
5:54 Loom
8:52 Feudal Age
9:20 Double-Bit Axe
9:45 Horse Collar
15:56 Wheelbarrow
15:28 Loom
16:16 Gold Mining
20:19 Castle Age
18:27 Gold Mining
19:29 Scale Barding Armor
19:35 Forging
19:42 Bloodlines
21:14 Husbandry
22:42 Bow Saw
30:00 Town Watch
31:30 Hand Cart
33:58 Imperial Age
32:26 Chain Barding Armor
32:41 Iron Casting
33:08 Iron Casting
32:44 Stone Mining
33:29 Gold Shaft Mining
33:40 Heavy Plow
34:25 Stone Shaft Mining
34:38 Caravan
36:04 Plate Barding Armor
35:25 Elite Konnik
36:02 Stirrups
36:29 Conscription
38:37 Blast Furnace
38:36 Coinage
41:09 Scale Mail Armor
43:20 Banking
44:23 Chain Mail Armor
44:20 Pikeman
45:01 Squires
45:16 Halberdier
45:33 Light Cavalry
47:38 Plate Mail Armor
47:09 Hussar
51:21 Fletching
54:24 Chemistry
53:30 Siege Engineers
53:46 Ballistics
53:57 Heavy Scorpion
69:27 Capped Ram
70:28 Siege Ram
81:47 Onager
87:06 Padded Archer Armor
87:01 Bodkin Arrow
86:59 Guard Tower
87:07 Murder Holes
87:22 Masonry
91:02 Siege Onager
92:17 Architecture
DC-Jota
6:13 Loom
8:49 Feudal Age
9:28 Double-Bit Axe
9:25 Horse Collar
13:26 Forging
16:38 Scale Barding Armor
21:04 Castle Age
19:44 Horse Collar
19:58 Gold Mining
20:48 Bloodlines
21:56 Husbandry
21:17 Light Cavalry
22:32 Chain Barding Armor
24:00 Wheelbarrow
23:11 Town Watch
27:09 Stone Mining
28:26 Iron Casting
30:02 Bow Saw
35:20 Imperial Age
33:07 Heavy Plow
36:41 Plate Barding Armor
36:27 Conscription
36:48 Elite Leitis
39:10 Hand Cart
44:24 Hill Forts
46:26 Caravan
47:36 Two-Man Saw
51:50 Pikeman
52:30 Squires
52:07 Elite Skirmisher
52:56 Scale Mail Armor
52:48 Fletching
52:59 Padded Archer Armor
53:16 Halberdier
55:21 Leather Archer Armor
55:01 Bodkin Arrow
55:46 Crop Rotation
57:06 Chain Mail Armor
59:30 Ring Archer Armor
60:01 Chemistry
59:46 Hoardings
59:24 Bracer
58:47 Capped Ram
67:14 Treadmill Crane
69:18 Winged Hussar
70:22 Tower Shields
90:29 Cavalier
PNAL | Trafalgar
5:56 Loom
8:30 Feudal Age
14:20 Horse Collar
15:22 Double-Bit Axe
19:27 Wheelbarrow
22:08 Castle Age
20:36 Gold Mining
23:23 Bow Saw
23:53 Heavy Plow
24:15 Hand Cart
25:26 Fletching
25:45 Town Watch
26:34 Bodkin Arrow
32:33 Ballistics
33:32 Padded Archer Armor
34:43 Leather Archer Armor
38:14 Imperial Age
36:33 Coinage
36:32 Scale Mail Armor
36:59 Forging
36:56 Squires
37:35 Chain Mail Armor
39:18 Elite Ibirapema Warrior
42:34 Plate Mail Armor
42:59 Onager
45:12 Conscription
46:05 Chemistry
49:19 Pikeman
50:55 Elite Skirmisher
52:16 Bracer
59:15 Capped Ram
60:14 Siege Ram
61:40 Siege Ram
75:08 Caravan
76:42 Ring Archer Armor
76:09 Halberdier
81:28 Iron Casting
PNAL | Clemente
7:15 Loom
9:20 Feudal Age
16:55 Double-Bit Axe
18:38 Horse Collar
25:28 Castle Age
26:03 Bow Saw
25:57 Heavy Plow
27:58 Wheelbarrow
33:06 Hand Cart
37:21 Imperial Age
36:09 Forging
36:04 Scale Barding Armor
37:19 Husbandry
38:06 Iron Casting
38:15 Elite Battle Elephant
39:20 Conscription
40:02 Blast Furnace
46:44 Crop Rotation
47:05 Gold Mining
48:59 Caravan
66:30 Squires
70:34 Pikeman
71:00 Arson
76:15 Halberdier
84:39 Chemistry
83:41 Fletching
88:33 Town Watch
Pab10
9:21 Feudal Age
13:05 Bloodlines
17:30 Scale Barding Armor
19:09 Wheelbarrow
22:32 Castle Age
20:21 Horse Collar
20:34 Double-Bit Axe
22:33 Forging
22:45 Loom
23:37 Chain Barding Armor
23:21 Gold Mining
23:59 Husbandry
24:48 Gold Shaft Mining
28:01 Bow Saw
28:33 Iron Casting
28:17 Heavy Plow
30:17 Devotion
31:37 Hand Cart
32:44 Town Watch
33:24 Stone Mining
33:25 Fletching
36:29 Stone Shaft Mining
38:49 Imperial Age
36:21 Bodkin Arrow
36:47 Ballistics
36:40 Treadmill Crane
37:56 Murder Holes
38:11 Masonry
42:21 Herbal Medicine
42:47 Conscription
42:39 Kasbah
43:07 Thumb Ring
43:03 Bracer
43:04 Padded Archer Armor
43:16 Elite Camel Archer
44:16 Maghrebi Camels
44:52 Hoardings
44:28 Caravan
47:27 Chemistry
47:29 Crop Rotation
47:44 Coinage
47:24 Guilds
48:37 Fortified Wall
48:33 Siege Engineers
51:28 Banking
67:20 Light Cavalry
68:36 Plate Barding Armor
68:18 Leather Archer Armor
81:24 Hussar
Connection lost

Rejoining the realm…

Still unreachable

The connection could not be restored.

Session expired

The server has moved on; the page needs a fresh start.